 Dungeon Crawl Stone Soup version 0.21-a0-632-g1e37ce5 (webtiles) character file.

19 wvc the Charmwright (level 2, -4/14 HPs)
             Began as a Vine Stalker Wanderer on Dec 27, 2017.
             Slain by Natasha (7 damage)
             ... on level 2 of the Dungeon.
             The game lasted 00:01:37 (1600 turns).

wvc the Charmwright (Vine Stalker Wanderer)         Turns: 1600, Time: 00:01:37

Health: -4/14      AC:  3    Str: 16    XL:     2   Next: 75%
Magic:  0/4        EV: 10    Int: 12    God:
Gold:   61         SH:  3    Dex: 11    Spells: 3/3 levels left

rFire    . . .     SeeInvis .   e - +0 club
rCold    . . .     Gourm    .   c - +0 buckler
rNeg     . . .     Faith    .   h - +0 leather armour
rPois    .         Spirit   +   (no helmet)
rElec    .         Reflect  .   (no cloak)
rCorr    .         Harm     .   (no gloves)
MR       .....                  (no boots)
Stlth    +.........             (no amulet)
HPRegen  0.04/turn              (no ring)
MPRegen  0.09/turn              (no ring)

@: slowed, very slow
A: fangs 2, magic shield, antimagic bite, no potion heal 3, rot immunity
a: no special abilities


You were on level 2 of the Dungeon.
You were not hungry.

You visited 1 branch of the dungeon, and saw 2 of its levels.

You collected 61 gold pieces.

Inventory:

Hand Weapons
 e - a +0 club (weapon)
Missiles
 j - 4 tomahawks (quivered)
Armour
 c - a +0 buckler (worn)
 h - a +0 leather armour (worn)
Scrolls
 d - 2 scrolls of magic mapping {unknown}
 n - a scroll of enchant armour {unknown}
 o - a scroll of fear {unknown}
Potions
 g - a potion of cancellation {unknown}
 i - a potion of ambrosia {unknown}
 k - a potion of degeneration {unknown}
 l - a potion of agility {unknown}
 m - a potion of heal wounds {unknown}
Books
 a - a book of Battle

   Spells                             Type                      Level
   a - Infusion                       Charms                       1
   b - Shroud of Golubria             Charms/Translocation         2
   c - Song of Slaying                Charms                       2
   d - Spectral Weapon                Hexes/Charms                 3
   e - Regeneration                   Charms/Necromancy            3
 b - the Incunabulum of the Crushed Suns

   Spells                             Type                      Level
   a - Freeze                         Ice                          1
   b - Ozocubu's Armour               Charms/Ice                   3
Comestibles
 f - 3 rations


   Skills:
 - Level 1.0 Fighting
 + Level 2.4 Maces & Flails
 - Level 1.0 Throwing
 - Level 1.0 Armour
 - Level 1.0 Shields
 - Level 1.1 Spellcasting
   Level 1.0 Hexes
   Level 3.0 Charms


You had 3 spell levels left.
You didn't know any spells.

Dungeon Overview and Level Annotations

Branches:
Dungeon (2/15)

Altars:

Annotations:
D:2 Natasha


Innate Abilities, Weirdness & Mutations

You have extremely sharp teeth.
When hurt, damage is shared between your health and your magic reserves.
Your bite disrupts and absorbs the magic of your enemies.
Potions cannot restore your health.
You are immune to rotting.


Message History

You barely miss Natasha. Your bite misses Natasha.
Natasha is heavily wounded.
Natasha stares at you and mumbles some strange words.
You feel yourself slow down.
A bat comes into view.
You closely miss Natasha. You bite Natasha.
Natasha's magic leaks into the air.
You drain her magic.
You feel invigorated.
Natasha is severely wounded.
The bat moves out of view.
Natasha barely misses you. Natasha claws you.
* * * LOW HITPOINT WARNING * * *
You miss Natasha.
Natasha is severely wounded.
The bat closely misses you. Natasha claws you. x2
* * * LOW HITPOINT WARNING * * *
You closely miss Natasha. Your bite misses Natasha.
Natasha is severely wounded.
The bat hits you but does no damage. You block Natasha's attack.
Natasha claws you!
Ouch! That really hurt!
You die...

#. .# # .. ....
..##. .#. ..# .
.( # #.##.#.# #
#. #.#.#r. .#
#.. #.#.#h#.#
..# #.#..@g.#
...
#.#....#.....
#.###.#...b# ...
#..........# .
#.#
#.####.#.#.####
#.#.#......#.#.#
#.#.#####.##.#.#
#.#.#......#.#.#
#.#.#.######.#.#


You could see Natasha, a hobgoblin, a bat and a rat.

Vanquished Creatures
  3 dart slugs
  2 bats (D:1)
  A giant cockroach (D:2)
  A hobgoblin (D:1)
  2 kobolds
  6 rats
15 creatures vanquished.

Notes
Turn   | Place    | Note
-------+----------+-------------------------------------------
     0 | D:1      | wvc the Vine Stalker Wanderer began the quest for the Orb.
     0 | D:1      | wvc set off with: a book of Battle, the Incunabulum of the Crushed Suns, a +0 buckler, a +0 robe, a +0 club, a ration
     0 | D:1      | Reached XP level 1. HP: 10/10 MP: 3/3
     0 | D:1      | Identified the Incunabulum of the Crushed Suns
   458 | D:1      | Reached XP level 2. HP: 12/14 MP: 2/4
  1591 | D:2      | Noticed Natasha
  1600 | D:2      | Slain by Natasha

Vault maps used:
D:1:      kennysheep_arrival_seaside
D:2:      cheibrodos_old_hovel, overflow_temple_1_default,
          nicolae_overflow_hidden_temple, st_stairs_10, serial_bayou_pond_a,
          dk_noncrumbling_2, uniq_natasha

Skill      XL: |  1 |
---------------+----+-----
Maces & Flails | 2 |  2.4
Fighting       | |  1.0
Throwing       | |  1.0
Armour         | |  1.0
Shields        | |  1.0
Spellcasting   | |  1.1
Hexes          | |  1.0
Charms         | |  3.0

Action                   || total
-------------------------++-------
Melee: Club              ||    54
       Bite              ||    11
Throw: Tomahawk          ||     3
  Eat: Ration            ||     1
Armor: Leather armour    ||    10
       Robe              ||     1
Dodge: Dodged            ||    27
Block: Buckler           ||     8

Table legend:
 A = Spawn XP
 B = Non-spawn XP
 C = Spawn XP percentage of total XP
 D = Spawn monster count
 E = Non-spawn monster count
 F = Spawn count percentage of total count
 G = Total turns spent on level
                    A         B        C        D         E        F      G
               +---------+---------+-------+---------+---------+-------+---------
         Total |       0 |      28 |   0.0 |       0 |      15 |   0.0 |  1600
               +---------+---------+-------+---------+---------+-------+---------
           D:1 |       0 |      19 |   0.0 |       0 |      11 |   0.0 |  1420
           D:2 |       0 |       9 |   0.0 |       0 |       4 |   0.0 |   180
               +---------+---------+-------+---------+---------+-------+---------
